Baba-Jaga, neutral female human Valkyrie --------------- ----------- --------- |....*........| ..........| ------- |.......| |.............| |.........|###%)......# ........| |.............| |.......{.|# |%....|# |^I.....| -.----|-------- |.........|# #......|# |.I.....| # #### #------.----# #|.....|# |.......| ### # ###`######### #-------# |......$| # ### # # ## ## --.------ ### # # ### # # ## # ### * # # ## # #####)###### # ## ## # ### ------------.--# # ---|- ### # # |...*.........|# # --...--#####%########## # |.............|############ # |.....-#### #---------.-.--- |..............###### ----.----# |.....| # #|.............| |.............| # |.....)<|# |......## #|.............| --------------- ##-.......-* --...-- |..>..........| |....{..| ----- |.............| --------- --------------- Baba-Jaga the Fighter Experience level: 6 Strength: 16 Dexterity: 13 Constitution: 13 Intelligence: 6 Wisdom: 12 Charisma: 9 Health: 0(53) Energy: 12(12) Def: 12 Gold: 1019 Moves: 3947 Dungeon seed: ZoeZosVsR07bpePy Game ID: Baba-Jaga_1441393646 Your Inventory: Coins $ - 1019 gold pieces Weapons a - a blessed +3 spear (weapon in hand) b - a +0 dagger (in quiver) A - a +0 orcish dagger C - a +0 dwarvish mattock D - 5 +0 darts Armor e - an uncursed +2 small shield (being worn) y - an uncursed +0 orcish helm (being worn) B - an uncursed +0 pair of iron shoes (being worn) N - an uncursed +0 dwarvish cloak (being worn) Y - an uncursed +0 dwarvish mithril-coat (being worn) Comestibles d - 3 uncursed food rations u - 3 uncursed lichen corpses Scrolls k - 2 uncursed scrolls of scare monster o - 2 uncursed scrolls of light x - a cursed scroll of earth named Earth Spellbooks j - an uncursed spellbook of polymorph named random Potions g - an uncursed potion of enlightenment v - an uncursed potion of water named Vanish Wands c - a wand of cold (0:3) w - a wand of make invisible named wanish (0:5) Tools f - an uncursed oil lamp (0:1094) l - an uncursed lock pick J - an uncursed tin whistle Gems r - an uncursed worthless piece of green glass Spells and supernatural/magical abilities: Name Level Category Fail Memory W - pray for help -- divine ? -- Your skills at the end: Fighting Skills Weapon Skills dagger [Basic] spear [Basic] Spellcasting Skills Final Attributes: You were devoutly aligned. You were cold resistant. You were stealthy. You could fly. You are dead. Vanquished creatures: 2 giant beetles a dwarf lord a plains centaur 2 human zombies a bugbear a wood nymph a straw golem a little dog 2 floating eyes a dwarf a kobold lord a hill orc 2 giant bats 4 killer bees 2 coyotes 3 hobbits a hobgoblin 2 green molds a red mold a gnome a gnome zombie 3 geckos a jackal 2 goblins 9 grid bugs 5 lichens 2 kobold zombies 2 newts 56 creatures vanquished. Voluntary challenges: You had followed a strict vegan diet until turn 3618. You had followed a strict vegetarian diet until turn 3618. You used a wielded weapon 65 times, starting on turn 123. You read items or engraved 10 times, starting on turn 551. You never genocided any monsters. You never polymorphed an object. You never changed form. You used no wishes. You never split a pudding. You wrote Elbereth's name 2 times, starting on turn 2827. You never violated your personal moral code. Dungeon overview: The Dungeons of Doom: levels 1 to 8 Level 1 a fountain a long staircase Level 2 a scroll shop Level 3 a general store Level 4 a scroll shop, a fountain Level 5 a fountain Level 6 many fountains Level 7 a fountain stairs to Sokoban Level 8 <- You were here some fountains Sokoban: Level 6 stairs to The Dungeons of Doom History has recorded: On T:1 you entered the Dungeons of Doom to retrieve the Amulet of Yendor! On T:443 you reached level 2 of The Dungeons of Doom. On T:465 you reached level 3 of The Dungeons of Doom. On T:1107 you advanced to experience level 2. On T:1415 you reached level 4 of The Dungeons of Doom. On T:1419 you advanced to experience level 3. On T:1483 you reached level 5 of The Dungeons of Doom. On T:1950 you advanced to experience level 4. On T:2053 you reached level 6 of The Dungeons of Doom. On T:2324 you reached level 7 of The Dungeons of Doom. On T:2718 you reached level 4 of Sokoban. On T:2897 you reached level 8 of The Dungeons of Doom. On T:3131 you advanced to experience level 5. On T:3616 you advanced to experience level 6. Score breakdown: Gold: 1019 ( 101 points) Experience: 6 levels ( 500 points) Exploration: 8 levels ( 210 points) Discoveries: 6 items ( 300 points) Variety of kills: 28 monsters ( 1400 points) Major goal: (nothing yet) ( 0 points) Survival: died (score multiplied by 3) Total score: 7533 Latest messages: A cloud of gas puts you to sleep! Something hits! (2x) Something misses. (2x) Something hits! (4x) Something misses. Something hits! (2x) You die... Final status: Farvel Baba-Jaga the Valkyrie, killed by a dwarf, while sleeping... You died in The Dungeons of Doom on dungeon level 8 with 7533 points, and 1019 pieces of gold, after 3947 moves. You were level 6 with a maximum of 53 hit points when you died.